 Dungeon Crawl Stone Soup version 0.21-a0-278-ga722497 (webtiles) character file.

5645 Chiseanne the Skirmisher (level 10, -7/102 HPs)
             Began as a Troll Monk on Sept 22, 2017.
             Was an Elder of Wu Jian.
             Mangled by a sun demon (9 damage)
             ... on level 1 of the Abyss.
             The game lasted 00:24:21 (6089 turns).

Chiseanne the Skirmisher (Troll Monk)               Turns: 6089, Time: 00:24:21

Health: -7/102     AC:  8    Str: 21    XL:     10   Next: 46%
Magic:  0/9        EV: 15    Int:  9    God:    Wu Jian [****..]
Gold:   322        SH:  0    Dex: 18    Spells: 9/9 levels left

rFire    + . .     SeeInvis .   a - +8 trident of Uretezer {pierce, rF+}
rCold    + . .     Gourm    +   (no shield)
rNeg     . . .     Faith    .   G - +1 robe "Xutuis" {-Cast MR+ Str+5}
rPois    +         Spirit   +   w - +2 hat
rElec    .         Reflect  .   (no cloak)
rCorr    .         Harm     .   (gloves unavailable)
MR       +....     NoCast   +   (boots unavailable)
Stlth    ++........             q - amulet of guardian spirit
HPRegen  0.67/turn              I - ring "Deuma" {+Inv rPois rC+ Str-5 Dex+3}
MPRegen  0.11/turn              y - +3 ring of intelligence

@: no status effects
A: unfitting armour, claws 3, fast metabolism 3, gourmand, regeneration 1,
shaggy fur 1, tough skin 2
a: Serpent's Lash, Renounce Religion, Evoke Invisibility


You were on level 1 of the Abyss.
You worshipped Wu Jian.
Wu Jian was greatly pleased with you.
You were hungry.

You visited 1 branch of the dungeon, and saw 8 of its levels.
You visited the Abyss 1 time.

You collected 372 gold pieces.
You spent 50 gold pieces at shops.

Inventory:

Hand Weapons
 a - the +8 trident of Uretezer (weapon) {pierce, rF+}
   (You found it on level 6 of the Dungeon)

   It inflicts extra damage upon your enemies.
   It protects you from fire.
 s - the +7 battleaxe of Bloody Death {drain, Int+3 Dex+4 SInv Stlth+}
   (You found it on level 7 of the Dungeon)

   A truly terrible weapon, it drains the life of those it strikes.
   It affects your intelligence (+3).
   It affects your dexterity (+4).
   It lets you see invisible.
   It makes you more stealthy.
 B - a +1 blowgun
Missiles
 e - 214 stones (quivered)
 l - 107 sling bullets
 m - 85 bolts
 n - 72 poisoned needles
 p - 127 arrows
 x - 5 needles of confusion
 L - 9 tomahawks
Armour
 w - a +2 hat (worn)
 G - the +1 robe "Xutuis" (worn) {-Cast MR+ Str+5}
   (You found it on level 4 of the Dungeon)

   It affects your strength (+5).
   It affects your resistance to hostile enchantments.
   It prevents spellcasting.
Jewellery
 q - an amulet of guardian spirit (around neck)
 y - a +3 ring of intelligence (right claw)
 D - an uncursed amulet of faith
 I - the ring "Deuma" (left claw) {+Inv rPois rC+ Str-5 Dex+3}
   (You found it on level 6 of the Dungeon)

   [ring of dexterity]

   It affects your strength (-5).
   It affects your dexterity (+3).
   It protects you from cold.
   It protects you from poison.
   It lets you turn invisible.
 K - an uncursed ring of protection from fire {unknown}
Wands
 H - a wand of lightning (11/15)
Scrolls
 c - 3 scrolls of remove curse
 o - 2 scrolls of enchant weapon
 u - a scroll of magic mapping
 C - a scroll of fog
 J - 2 scrolls of teleportation
Potions
 d - 2 potions of brilliance
 g - a potion of invisibility {unknown}
 h - 2 potions of resistance
 i - 2 potions of magic {unknown}
 j - a potion of ambrosia {unknown}
 k - 2 potions of mutation {unknown}
 t - a potion of lignification {unknown}
 v - a potion of flight
 z - 3 potions of curing
 F - 2 potions of heal wounds
Books
 E - a book of Power

   Spells                             Type                      Level
   a - Iskenderun's Battlesphere      Conjuration/Charms           5
   b - Venom Bolt                     Conjuration/Poison           5
   c - Bolt of Magma                  Conjuration/Fire/Earth       5
   d - Iron Shot                      Conjuration/Earth            6
   e - Orb of Destruction             Conjuration                  7
   f - Spellforged Servitor           Conjuration/Summoning        7
Comestibles
 b - 9 bread rations
 f - 3 meat rations
 r - a royal jelly
 A - 9 fruits


   Skills:
 * Level 7.3 Fighting
 * Level 4.7 Polearms
 + Level 5.6 Throwing
 * Level 7.3 Dodging
 - Level 1.0 Stealth
 - Level 6.7 Unarmed Combat


You had 9 spell levels left.
You didn't know any spells.

Dungeon Overview and Level Annotations

Branches:
Dungeon (8/15)             Temple (0/1) D:7
   Lair: D:8-11

Altars:
Cheibriados
Dithmenos
Elyvilon
Gozag
Makhleb
Nemelex Xobeh
Trog
Uskayaw
Wu Jian
Xom
Zin

Shops:
D:4 [*   D:5 [

Annotations:
D:6 Prince Ribbit
D:8 Psyche


Innate Abilities, Weirdness & Mutations

You are too large for most types of armour.
You have claws for hands.
Your metabolism is lightning-fast.
You like to eat raw meat.
Your natural rate of healing is unusually fast.
You are covered in fur. (AC +1)
You have very tough skin. (AC +2)


Message History

You puncture the small abomination!
The small abomination is heavily damaged.
The small abomination hits you.
* * * LOW HITPOINT WARNING * * *
You are feeling hungry.
You barely miss the small abomination.
The small abomination is heavily damaged.
The small abomination hits you!
* * * LOW HITPOINT WARNING * * *
You puncture the small abomination!
You destroy the small abomination!
The Council accepts your kill.
A sun demon comes into view.
The sun demon moves out of view.
The sun demon shouts!
You spin and attack the sun demon.
You miss the sun demon. The sun demon misses you. The sun demon hits you!
* * * LOW HITPOINT WARNING * * *
You are engulfed in flames!
You resist.
You die...

##### .### #.
#..#....#. . . #
#.......## ...#. #
#.#....#.#.# #.
#.##.........#... .
#....#........#. #
#
###..##...#.##....
# ##..#.3....##. .
# .....#...@.##.##
...#..#.#...#...# .
# .
#.#..#.#.#.....#.#.
.# . ....##.#.##.##
#. # . . #.#. #.#..
.#...#. . ## ....
.#.#. #####.... . .
##... . . .## #.# .
# # . . # # #


You could see a sun demon.

Vanquished Creatures
  A two-headed ogre (D:8)
  2 large abominations (Abyss:1)
  The ghost of loom the Arsonist, a novice DrFE of Vehumet (D:7)
  A hippogriff (D:7)
  2 hungry ghosts (D:7)
  2 water moccasins (D:7)
  Menkaure (D:7)
  A small abomination (Abyss:1)
  An ice beast (D:6)
  A phantom (D:6)
  A sky beast (D:5)
  An ogre (D:4)
  3 centaurs
  2 bullfrogs (D:6)
  Blork the orc (D:5)
  9 killer bees
  4 scorpions
  3 wights (D:8)
  2 howler monkeys (D:4)
  2 crimson imps (D:7)
  2 quasits (Abyss:1)
  3 bullfrog zombies
  15 orc wizards
  3 orc priests
  A bullfrog skeleton (D:8)
  5 hounds
  An iguana (D:4)
  5 worker ants
  A hound skeleton (D:8)
  A worker ant zombie (D:6)
  9 adders
  A howler monkey skeleton (D:4)
  3 shadow imps
  An ooze (D:7)
  2 adder skeletons
  2 adder zombies
  A worm (D:2)
  2 dart slugs
  2 leopard geckos
  22 orcs
  A ball python (D:1)
  6 bats
  3 giant cockroaches
  5 hobgoblins
  11 jackals
  9 kobolds
  A quokka (D:5)
  2 frilled lizards (D:1)
  8 goblins
  A jackal skeleton (D:5)
  A quokka zombie (D:6)
  4 rats
175 creatures vanquished.

Notes
Turn   | Place    | Note
-------+----------+-------------------------------------------
     0 | D:1      | Chiseanne the Troll Monk began the quest for the Orb.
     0 | D:1      | Reached XP level 1. HP: 22/22 MP: 0/0
   212 | D:1      | Reached XP level 2. HP: 29/29 MP: 1/1
   747 | D:2      | Reached skill level 1 in Throwing
   795 | D:2      | Reached XP level 3. HP: 33/36 MP: 2/2
  1199 | D:2      | Reached XP level 4. HP: 45/45 MP: 3/3
  1764 | D:3      | Found a hide-covered altar of Uskayaw.
  2153 | D:4      | Reached XP level 5. HP: 49/53 MP: 4/4
  2326 | D:4      | Reached XP level 6. HP: 55/61 MP: 5/5
  2511 | D:4      | Found Riehirphu's Armour Shoppe.
  2517 | D:4      | Got a colourful robe
  2528 | D:4      | Identified the cursed +1 robe "Xutuis" {-Cast MR+ Str+5} (You found it on level 4 of the Dungeon)
  2643 | D:4      | Found Syraug's General Store.
  2651 | D:4      | Bought a potion of heal wounds for 50 gold pieces
  2815 | D:4      | Found a white marble altar of Elyvilon.
  2828 | D:4      | Reached XP level 7. HP: 63/70 MP: 4/6
  2866 | D:4      | Found an ornate altar of the Wu Jian Council.
  2872 | D:4      | Became a worshipper of the Wu Jian Council
  2872 | D:4      | Reached * piety under Wu Jian
  2872 | D:4      | Reached ** piety under Wu Jian
  3009 | D:4      | Noticed an angel
  3010 | D:4      | Found a glowing silver altar of Zin.
  3082 | D:5      | Entered Level 5 of the Dungeon
  3166 | D:5      | Reached skill level 5 in Unarmed Combat
  3437 | D:5      | Found Cehusotu's Armour Boutique.
  3472 | D:5      | Noticed Blork the orc
  3484 | D:5      | Killed Blork the orc
  3511 | D:5      | Found a bloodstained altar of Trog.
  3631 | D:5      | Reached XP level 8. HP: 55/79 MP: 4/7
  4156 | D:6      | Reached skill level 5 in Fighting
  4194 | D:6      | Reached skill level 5 in Dodging
  4196 | D:6      | Found a sparkling altar of Nemelex Xobeh.
  4299 | D:6      | Got a flickering copper ring
  4301 | D:6      | Identified the ring "Deuma" {+Inv rPois rC+ Str-5 Dex+3} (You found it on level 6 of the Dungeon)
  4457 | D:6      | Noticed Prince Ribbit
  4457 | D:6      | Reached *** piety under Wu Jian
  4533 | D:6      | Got a smoking trident
  4534 | D:6      | Identified the +8 trident of Uretezer {pierce, rF+} (You found it on level 6 of the Dungeon)
  4607 | D:7      | Found a staircase to the Ecumenical Temple.
  4775 | D:7      | Noticed Menkaure
  4780 | D:7      | Killed Menkaure
  4780 | D:7      | Reached XP level 9. HP: 54/89 MP: 6/8
  4787 | D:7      | Reached skill level 1 in Polearms
  4893 | D:7      | Found a burning altar of Makhleb.
  4894 | D:7      | Found a shimmering altar of Xom.
  4948 | D:7      | Found a shadowy altar of Dithmenos.
  4948 | D:7      | Found a snail-covered altar of Cheibriados.
  4967 | D:7      | Got a crystal battleaxe
  4970 | D:7      | Identified the +7 battleaxe of Bloody Death {drain, Int+3 Dex+4 SInv Stlth+} (You found it on level 7 of the Dungeon)
  5129 | D:7      | Noticed loom's ghost (novice DrFE)
  5162 | D:7      | Killed loom's ghost
  5428 | D:7      | Reached skill level 5 in Throwing
  5635 | D:8      | Reached **** piety under Wu Jian
  5706 | D:8      | Found an opulent altar of Gozag.
  5726 | D:8      | Noticed a two-headed ogre
  5727 | D:8      | Noticed Psyche
  5727 | D:8      | Noticed a two-headed ogre
  5743 | D:8      | Killed a two-headed ogre
  5743 | D:8      | Reached XP level 10. HP: 44/102 MP: 5/9
  5927 | D:8      | Cast into level 1 of the Abyss (Psyche)
  5974 | Abyss:1  | Noticed a bone dragon
  5989 | Abyss:1  | Noticed a large abomination
  6011 | Abyss:1  | Killed a large abomination
  6087 | Abyss:1  | Noticed a sun demon
  6089 | Abyss:1  | HP: 2/102 [sun demon (15)]
  6089 | Abyss:1  | Mangled by a sun demon

Vault maps used:
D:1:      scummos_arrival_star
D:3:      eat_drink_and_be_merry_uskayaw
D:4:      overflow_temple_1_default, zin_angel, old_standard_altar,
          serial_shops, shop, nicolae_shop_statue_plus
D:5:      kennysheep_mini, serial_shops, shop, first_bread,
          corexii_leaking_fountain, uniq_blork_the_orc
D:6:      nemelex_xobeh_ov_fountains_minmay, uniq_prince_ribbit1
D:7:      grunt_temple_overflow_champion_of_chaos,
          gammafunk_temple_overflow_wave, minmay_temple_entry_statues_pillars,
          uniq_menkaure
D:8:      nicolae_gozag_cash_rules_everything_around_me, uniq_psyche

Skill      XL: |  1  2  3  4  5  6  7  8  9 10 |
---------------+-------------------------------+-----
Throwing       | 1 2 3 4 5 |  5.6
Dodging        | 3 4 5 6 7 |  7.3
Fighting       | 3 4 5 7 |  7.3
Unarmed Combat | 4 5 6 |  6.7
Polearms       | 4 |  4.7
Stealth        | |  1.0

Action                   |  1- 3 |  4- 6 |  7- 9 | 10-12 || total
-------------------------+-------+-------+-------+-------++-------
Melee: Unarmed           |    81 |   103 |   227 |       ||   411
       Punch             |     1 |     3 |    13 |     7 ||    24
       Trident           |       |       |   147 |    56 ||   203
       Battleaxe         |       |       |     4 |       ||     4
  Use: Scroll            |       |    13 |     7 |       ||    20
       Potion            |       |       |     2 |       ||     2
 Stab: Sleeping          |       |     2 |     3 |       ||     5
  Eat: Chunk             |    13 |    18 |    29 |     4 ||    64
       Fruit             |       |       |     2 |       ||     2
Armor: Robe              |    19 |    24 |   123 |    21 ||   187
Dodge: Dodged            |    43 |    64 |   239 |    49 ||   395

Table legend:
 A = Spawn XP
 B = Non-spawn XP
 C = Spawn XP percentage of total XP
 D = Spawn monster count
 E = Non-spawn monster count
 F = Spawn count percentage of total count
 G = Total turns spent on level
                    A         B        C        D         E        F      G
               +---------+---------+-------+---------+---------+-------+---------
         Total |     441 |    7624 |   5.5 |       3 |     172 |   1.7 |  6089
               +---------+---------+-------+---------+---------+-------+---------
           D:1 |       0 |      32 |   0.0 |       0 |      19 |   0.0 |   678
           D:2 |       0 |      68 |   0.0 |       0 |      13 |   0.0 |   865
           D:3 |       0 |     181 |   0.0 |       0 |      17 |   0.0 |   740
           D:4 |       0 |     552 |   0.0 |       0 |      19 |   0.0 |   799
           D:5 |       0 |     688 |   0.0 |       0 |      23 |   0.0 |   837
           D:6 |       0 |    1064 |   0.0 |       0 |      36 |   0.0 |   656
           D:7 |       0 |    2509 |   0.0 |       0 |      27 |   0.0 |  1135
           D:8 |       0 |    1656 |   0.0 |       0 |      16 |   0.0 |   217
       Abyss:1 |     441 |     874 |  33.5 |       3 |       2 |  60.0 |   162
               +---------+---------+-------+---------+---------+-------+---------
